[Event "International chess holiday K31"]
[Site "Praha"]
[Date "2014.08.08"]
[Round "9"]
[White "Nelson, Wayne"]
[Black "Skvaril, Michal"]
[Result "1-0"]
[ECO "D03"]
[WhiteElo "2067"]
[BlackElo "1730"]
[Annotator "Koller,Martin"]
[PlyCount "91"]
[TimeControl "240+2"]

1. d4 d5 2. Nf3 e6 3. Bf4 Nf6 4. e3 Bd6 5. Bg5 Be7 6. Bd3 h6 7. Bh4 O-O
8. Nbd2 b6 9. Ne5 Bb7 10. O-O c5 11. c3 Nbd7 12. f4 cxd4 13. exd4 Ne4 14. Bxe7
Qxe7 15. Ndf3 Rfd8 16. Nxd7 Qxd7 17. Ne5 Qe8 18. Qe2 f5 19. Kh1 Rac8 20. g4 g6
21. gxf5 gxf5 22. Rg1+ Kh7 23. Rg2 Qe7 24. Rag1 Rg8 25. Rxg8 Rxg8 26. Rxg8 Kxg8
27. Qg2+ Qg7 28. Bb5 Qxg2+ 29. Kxg2 Kf8 30. Be2 Nf6 31. Kh3 Kg7 32. Kh4 Bc8 33.
Kg3 Bd7 34. Kf2 Be8 35. Ke3 Bh5 36. Bxh5 Nxh5 37. Nc6 a5 38. Nd8 Kf6 39. Nc6
Ng7 40. Ne5 Ke7 41. a4 Ne8 42. b4 axb4 43. cxb4 Nf6 44. a5 bxa5 45. bxa5 Ng4+
46. Nxg4 1-0